 Dungeon Crawl Stone Soup version 0.28.0-53-g5a82cb258f (webtiles) character file.

Game seed: 10706021576790200677

16 Sin92 the Covered (level 2, 0/27 HPs)
             Began as a Minotaur Fighter on June 2, 2022.
             Slain by Ijyb
             ... wielding a +5 club
              (7 damage)
             ... on level 2 of the Dungeon.
             The game lasted 00:00:28 (870 turns).

Sin92 the Covered (Minotaur Fighter)                 Turns: 870, Time: 00:00:28

Health: 0/27       AC:  0    Str: 20    XL:     2   Next: 37%
Magic:  1/1        EV: 13    Int:  5    God:
Gold:   22         SH:  0    Dex:  9    Spells: 1/1 levels left

rFire   . . .      SeeInvis .   (weapon currently unavailable)
rCold   . . .      Faith    .   (shield currently unavailable)
rNeg    . . .      Spirit   .   (armour currently unavailable)
rPois   .          Reflect  .   (helmet currently unavailable)
rElec   .          Harm     .   (cloak currently unavailable)
rCorr   .          Rampage  .   (gloves currently unavailable)
Will    .....                   (boots currently unavailable)
Stlth   +.........              (no amulet)
HPRegen 0.09/turn               (ring currently unavailable)
MPRegen 0.07/turn               (ring currently unavailable)

@: pig-form, very quick
A: fast, no casting, small, (horns 2), (retaliatory headbutt)
a: no special abilities


You were on level 2 of the Dungeon.
You were a filthy swine.
You visited 1 branch of the dungeon, and saw 2 of its levels.

You collected 22 gold pieces.

Inventory:

Hand Weapons
 a - a +0 long sword (melded)
Armour
 b - a +0 scale mail (melded)
 c - a +0 buckler (melded)
Scrolls
 f - a scroll of noise {unknown}
 g - a scroll of torment {unknown}
Potions
 d - a potion of might
 e - a potion of flight {unknown}


   Skills:
 + Level 3.8 Fighting
 + Level 2.7 Long Blades
 + Level 3.8 Armour
 + Level 0.8 Dodging
 + Level 3.8 Shields


You had one spell level left.
You didn't know any spells.
Your spell library was empty.

Dungeon Overview and Level Annotations

Branches:
Dungeon (1/15)

Altars:
Xom

Annotations:
D:2 Ijyb


Innate Abilities, Weirdness & Mutations

You are a filthy swine.
You move quickly.
Your equipment is almost entirely melded.
You are incapable of wielding weapons or throwing items.
You cannot cast spells.
((You have a pair of horns on your head.))
((You reflexively headbutt those who attack you in melee.))


Message History

Unknown command.
There are monsters nearby!
You slash the goblin!
You kill the goblin!
The goblin closely misses you. The goblin hits you but does no damage.
Unknown command.
There are monsters nearby!
You slash the goblin!
You kill the goblin!
Ijyb zaps a wand.
You resist with significant effort.
The goblin shoots a stone.
You block the stone. You block the goblin's attack.
The goblin barely misses you. The goblin hits you but does no damage.
Unknown command.
You hit the goblin.
You kill the goblin!
The goblin hits you but does no damage. You block the goblin's attack.
Ijyb zaps a wand.
You turn into a filthy swine.
Your +0 long sword melds into your body.
Your +0 buckler melds into your body.
Your +0 scale mail melds into your body.
The goblin unwields a +0 hunting sling.
The goblin wields a +0 dagger.
The goblin hits you with a +0 dagger.
You hit Ijyb but do no damage. The goblin hits you with a +0 club.
The goblin closely misses you. Ijyb barely misses you.
Unknown command.
You hit Ijyb but do no damage. The goblin hits you with a +0 dagger.
The goblin misses you. x2; Ijyb barely misses you.
Unknown command.
You closely miss Ijyb. The goblin hits you with a +0 dagger.
The goblin barely misses you. The goblin hits you with a +0 dagger.
Ijyb misses you.
Unknown command.
You are too injured to fight recklessly!
Unknown command.
You are too injured to fight recklessly!
You hit Ijyb but do no damage. The goblin hits you with a +0 dagger.
The goblin closely misses you. The goblin hits you with a +0 dagger.
* * * LOW HITPOINT WARNING * * *
You hit Ijyb but do no damage. Ijyb hits you with a +5 club!
You die...

#..#....# ####..#.#..
.........
#...#..########
##.....8.8.8.8.
...............
########...)g.....[
...........hg......
######....gg.....(
###.................
............8.8.8.8.
.###.........########
.............###
##.............
#....##.......
#.........._.. #.#


You could see Ijyb and 3 goblins.

Vanquished Creatures
  A worm (D:2)
  2 ball pythons (D:1)
  An endoplasm (D:1)
  2 hobgoblins (D:1)
  A quokka (D:1)
  2 bats (D:1)
  3 goblins (D:2)
  A kobold (D:1)
13 creatures vanquished.

Notes
Turn   | Place    | Note
-------+----------+-------------------------------------------
     0 | D:1      | Sin92 the Minotaur Fighter began the quest for the Orb.
     0 | D:1      | Reached XP level 1. HP: 19/19 MP: 0/0
   571 | D:1      | Found a faded altar of an unknown god.
   739 | D:1      | Reached XP level 2. HP: 27/27 MP: 1/1
   780 | D:1      | You fall into a shaft and drop 1 floor!
   842 | D:2      | Found a shimmering altar of Xom.
   859 | D:2      | Noticed Ijyb
   870 | D:2      | Slain by Ijyb

Illustrated notes

Levels and vault maps discovered:
D:1:      lightli_molten_gateway, layout_loops_corners,
          dreamdust_ecumenical_altar_hidden_monk_grotto
D:2:      kennysheep_the_goblin_king, layout_basic, basic_altar,
          grunt_ministairs_10, serial_bayou_lagoon_a

Action                   || total
-------------------------++-------
Melee: Long sword        ||    32
       Headbutt          ||     3
       Unarmed           ||     5
Armor: Scale mail        ||     9
Dodge: Dodged            ||    18
Block: Buckler           ||    15
